 Dungeon Crawl Stone Soup version 0.30.1-9-gdf580d7c3d (webtiles) character file.

Game seed: 8485388333855326615

317 jagang the Slasher (level 6, -4/48 HPs)
             Began as a Human Fighter on Sept 28, 2023.
             Killed from afar by an orc wizard (11 damage)
             ... with a puff of flame
             ... on level 4 of the Dungeon.
             The game lasted 00:08:42 (3025 turns).

jagang the Slasher (Human Fighter)                  Turns: 3025, Time: 00:08:42

Health: -4/48      AC: 16    Str: 24    XL:     6   Next: 73%
Magic:  6/6        EV: 10    Int:  9    God:
Gold:   242        SH:  4    Dex: 12    Spells: 5/5 levels left

rFire   . . .        a - +0 long sword (flame)
rCold   + . .        c - +0 buckler
rNeg    . . .        o - +2 scale mail {rC+}
rPois   .            w - +0 helmet
rElec   .            g - scarf {shadows}
rCorr   .            j - +1 pair of gloves
SInv    .            (no boots)
Will    .....        (no amulet) Stlth
                     e - +4 ring of protection
HPRegen 0.28/turn    m - +6 ring of strength
MPRegen 0.10/turn

%: no passive effects
@: mighty, hasted, very quick
A: no striking features
a: no special abilities


You were on level 4 of the Dungeon.
You visited 1 branch of the dungeon, and saw 4 of its levels.
You also visited: Sewer.

You collected 242 gold pieces.

Inventory:

Hand Weapons
 a - a +0 long sword of flaming (weapon)
Missiles
 q - 3 boomerangs (quivered)
Armour
 c - a +0 buckler (worn)
 g - a scarf of shadows (worn)
 j - a +1 pair of gloves (worn)
 o - a +2 scale mail of cold resistance (worn)
 w - a +0 helmet (worn)
Jewellery
 e - a +4 ring of protection (left hand)
 m - a +6 ring of strength (right hand)
Scrolls
 b - a scroll of poison {unknown}
 i - a scroll of fog
 l - 3 scrolls of immolation {unknown}
 n - 2 scrolls of noise {unknown}
 s - 2 scrolls of identify
 v - a scroll of vulnerability {unknown}
 x - a scroll of torment {unknown}
Potions
 d - a potion of might
 f - a potion of brilliance
 h - a potion of lignification
 k - 3 potions of heal wounds {unknown}
 p - a potion of magic {unknown}
 r - 2 potions of cancellation {unknown}
 u - a potion of curing {unknown}


   Skills:
 + Level 3.9 Fighting
 * Level 4.1 Long Blades
 + Level 1.2 Throwing
 + Level 3.8 Armour
 + Level 2.0 Dodging
 + Level 3.8 Shields


You had 5 spell levels left.
You didn't know any spells.
Your spell library contained the following spells:

 Spells                   Type           Power      Damage    Failure   Level
 Kiss of Death            Conj/Necr      0%         2d5       75%         1
 Ensorcelled Hibernation  Hex/Ice        0%         N/A       87%         2
 Lesser Beckoning         Tloc           0%         N/A       87%         2
 Passwall                 Tmut/Erth      0%         N/A       87%         2
 Scorch                   Fire           0%         2d5       87%         2
 Confusing Touch          Hex            0%         N/A       98%         3
 Dazzling Flash           Conj/Hex       0%         N/A       98%         3
 Frozen Ramparts          Ice            0%         1d1       98%         3
 Gell's Gravitas          Tloc           0%         N/A       98%         3
 Swiftness                Air            0%         N/A       98%         3
 Teleport Other           Tloc           0%         N/A       98%         3
 Volatile Blastmotes      Fire/Tloc      0%         2d10      98%         3
 Dispel Undead            Necr           0%         3d6       100%        4
 Flame Wave               Conj/Fire      0%         2d4       100%        4
 Ice Form                 Ice/Tmut       0%         N/A       100%        4
 Iskenderun's Mystic Bla  Conj/Tloc      0%         2d3       100%        4
 Summon Ice Beast         Ice/Summ       0%         N/A       100%        4
 Starburst                Conj/Fire      0%         6d3       100%        6
 Summon Cactus Giant      Summ           0%         N/A       100%        6


Dungeon Overview and Level Annotations

Branches:
Dungeon (4/15)              Sewer (visited)
 Temple: D:4-7

Altars:
Cheibriados
Hepliaklqana

Annotations:
D:4 Menkaure


Message History

The orc shouts! x2
The orc wizard gestures wildly while chanting.
The orc wizard flickers and vanishes!
Deactivating autopickup; reactivate with Ctrl-A.
You hit the orc. You burn the orc.
You kill the orc!
You hear a zap.
You hear a grinding noise.
You block the orc's attack. Something hits you but does no damage.
Things that are here:
a +0 dagger; 2 silver boomerangs The orc attacks as you move away!
You block the orc's attack.
Menkaure casts a spell.
Menkaure seems to speed up.
You hit something. You burn something. Something hits you.
You hit something. You burn something. Something hits you but does no damage.
You hit something but do no damage. Something hits you.
You barely miss something. Something hits you but does no damage.
Menkaure calls on the powers of darkness!
The orc convulses!
Your body is wracked with pain!
You miss something. Something hits you. Something hits you but does no damage.
You feel yourself speed up. Something hits you but does no damage.
You feel very mighty all of a sudden.
Menkaure calls on the powers of darkness!
The orc convulses!
Your body is wracked with pain!
* * * LOW HITPOINT WARNING * * *
You completely miss something. Something hits you but does no damage.
You miss something. Something hits you but does no damage.
You closely miss something. Something hits you but does no damage.
You closely miss something.
You hear some strange, mumbled words.
Something tries to affect you, but you resist.
You miss something.
Menkaure calls on the powers of darkness!
The orc convulses!
Your body is wracked with pain!
* * * LOW HITPOINT WARNING * * *
You closely miss something.
You hear some strange, mumbled words.
A puff of flame appears from out of thin air!
The puff of flame hits you!
You die...

######## #.......
#.###### #.#.# ######.#.#
.####### ## #........#
........ .#.#.#....#.####
.......##$#.#.#....#.....
#...o{@.....+......####
..#.##M##.#.###..).###
..........#........).#
<.#..#.####........#)# ##
#..#....'........#.###.
....#.####........#.....
####.....................
..##.............###.#.
.. ...............# #.#.


You could see Menkaure (fast) and an orc.

Vanquished Creatures
  Pargi (Sewer)
  A jelly (D:3)
  An iguana (D:4)
  Natasha (D:4)
  Robin (D:3)
  4 adders
  2 worms
  3 dart slugs
  4 orcs
  6 endoplasms
  4 giant cockroaches
  11 goblins
  10 hobgoblins
  4 kobolds
  3 quokkas
  4 ball pythons
  10 bats
  A frilled lizard (D:1)
  6 rats
  A spectral kobold (D:3)
78 creatures vanquished.

Notes
Turn   | Place    | Note
-------+----------+-------------------------------------------
     0 | D:1      | jagang the Human Fighter began the quest for the Orb.
     0 | D:1      | Reached XP level 1. HP: 18/18 MP: 1/1
   138 | D:1      | Reached XP level 2. HP: 20/24 MP: 2/2
   606 | D:1      | Reached XP level 3. HP: 25/29 MP: 3/3
   922 | D:2      | Identified the +1 leather armour of Greed {+Blink Int+3}
   960 | D:2      | Found a snail-covered altar of Cheibriados.
  1155 | D:2      | Reached skill level 1 in Dodging
  1155 | D:2      | Reached XP level 4. HP: 23/35 MP: 4/4
  1862 | D:2      | Reached skill level 3 in Long Blades
  2095 | D:3      | Noticed Robin
  2106 | D:3      | Killed Robin
  2108 | D:3      | Reached XP level 5. HP: 37/41 MP: 5/5
  2170 | D:3      | Found a glowing drain.
  2178 | Sewer    | Entered a sewer
  2218 | Sewer    | Noticed Pargi
  2228 | Sewer    | Killed Pargi
  2229 | Sewer    | Reached skill level 1 in Throwing
  2229 | Sewer    | Reached XP level 6. HP: 45/48 MP: 6/6
  2435 | D:3      | Reached skill level 4 in Long Blades
  2478 | D:3      | Found a hazy altar of Hepliaklqana.
  2967 | D:4      | Noticed Natasha
  2968 | D:4      | Killed Natasha
  3006 | D:4      | Noticed Menkaure
  3025 | D:4      | Killed from afar by an orc wizard

Illustrated notes

Levels and vault maps discovered:
D:1:      onia_arrival_mini_spirals, layout_basic, feat_on_display
D:2:      minmay_door_path, layout_loops_ring, basic_altar, st_stairs_4
D:3:      layout_loops_ring, nicolae_hepliaklqana_monster_ancestors,
          portal_sewer_entry_d, uniq_robin
D:4:      layout_basic, ashenzari_altar_1, tso_oasis_becter,
          nicolae_shop_fire_sale [nicolae_sub_dead_trees], minmay_vboxes,
          uniq_menkaure, uniq_natasha

Skill      XL: |  1  2  3  4  5  6 |
---------------+-------------------+-----
Dodging        | 1 2 |  2.0
Long Blades    | 3 4 |  4.1
Throwing       | 1 |  1.2
Fighting       | |  3.9
Armour         | |  3.8
Shields        | |  3.8

Action                     |  1- 3 |  4- 6 || total
---------------------------+-------+-------++-------
  Melee: Long sword        |   107 |   186 ||   293
  Throw: Boomerang         |       |     3 ||     3
    Use: Scroll            |     4 |     1 ||     5
         Potion            |       |     2 ||     2
 Armour: Scale mail        |    47 |   115 ||   162
  Dodge: Dodged            |    48 |   118 ||   166
  Block: Buckler           |    29 |    49 ||    78
